 Dungeon Crawl Stone Soup version 0.26-a0-84-g8c18429211 (webtiles) character file.

Game seed: 17293201888614144265

13344 Error4North the Cleaver (level 12, 0/105 HPs)
             Began as a Hill Orc Fighter on June 17, 2020.
             Was a High Priest of Okawaru.
             Slain by a naga
             ... wielding a +0 mace
              (5 damage)
             ... on level 2 of the Abyss.
             The game lasted 00:45:54 (11364 turns).

Error4North the Cleaver (Hill Orc Fighter)         Turns: 11364, Time: 00:45:55

Health: 0/105      AC: 23    Str: 16 (19) XL:     12   Next: 5%
Magic:  15/17      EV:  3    Int:  7 (9)  God:    Okawaru [*****.]
Gold:   636        SH: 24    Dex:  9 (10) Spells: 11/11 levels left

rFire    . . .     SeeInvis .   a - +0 war axe
rCold    + . .     Gourm    .   o - +0 tower shield
rNeg     . . .     Faith    .   I - +0 plate armour
rPois    +         Spirit   .   p - +1 helmet
rElec    .         Reflect  +   K - +2 cloak {rPois}
rCorr    .         Harm     .   y - -1 pair of gloves (curse)
MR       .....                  (no boots)
Stlth    ..........             J - amulet of reflection
HPRegen  0.00/turn              D - -4 ring of strength (curse)
MPRegen  0.15/turn              T - ring of protection from cold

@: lethally poisoned (0 -> -21), heroism, stab, flying, non-regenerating,
diseased, constricted, invisible
A: no striking features
a: Heroism, Finesse, Renounce Religion


You were on level 2 of the Abyss.
You worshipped Okawaru.
Okawaru was extremely pleased with you.
You were not hungry.

You visited 4 branches of the dungeon, and saw 13 of its levels.
You visited the Abyss 1 time.
You also visited: Ossuary.

You collected 636 gold pieces.

Inventory:

Hand Weapons
 a - a +0 war axe (weapon)
 c - a +7 hunting sling of flaming
Missiles
 s - 158 sling bullets
 F - 7 silver javelins (quivered)
Armour
 o - a +0 tower shield (worn)
 p - a +1 helmet (worn)
 y - a cursed -1 pair of gloves (worn)
 E - a scarf of invisibility
 I - a +0 plate armour (worn)
 K - a +2 cloak of poison resistance (worn)
Jewellery
 D - a cursed -4 ring of strength (left hand)
 J - an amulet of reflection (around neck)
 T - a ring of protection from cold (right hand)
Wands
 g - a wand of disintegration (9)
 n - a wand of iceblast (9)
 r - a wand of random effects (20)
 w - a wand of paralysis (10)
 H - a wand of digging (5)
 M - a wand of flame (25)
 S - a wand of acid (10)
 U - a wand of polymorph (4)
Scrolls
 e - a scroll of fear
 h - 7 scrolls of identify
 k - 3 scrolls of enchant weapon
 l - 3 scrolls of amnesia {unknown}
 t - a scroll of acquirement {unknown}
 u - 2 scrolls of blinking
 v - a scroll of silence {unknown}
 x - 3 scrolls of magic mapping {unknown}
 z - 6 scrolls of teleportation
 G - a scroll of enchant armour {unknown}
 N - 3 scrolls of remove curse {unknown}
 R - a scroll of brand weapon {unknown}
Potions
 b - a potion of degeneration
 d - 2 potions of brilliance
 i - 3 potions of magic
 m - 3 potions of curing
 q - 2 potions of stabbing
 A - 2 potions of might
 B - a potion of lignification {unknown}
 C - a potion of flight
 L - a potion of haste
Comestibles
 f - 20 rations
 j - 2 chunks of flesh


   Skills:
 * Level 9.4(14.4) Fighting
 + Level 11.5(16.5) Axes
 + Level 1.5(6.8) Slings
 + Level 1.2(6.6) Throwing
 * Level 9.1(14.1) Armour
 + Level 2.0(7.0) Dodging
 + Level 0.3(5.3) Stealth
 * Level 10.8(15.8) Shields
 * Level 7.3 Invocations
 * Level 6.1 Evocations


You had 11 spell levels left.
You didn't know any spells.
Your spell library contained the following spells:

 Spells                   Type           Power        Failure   Level  Hunger
 Shock                    Conj/Air       #...         100%        1    ##.....
 Swiftness                Chrm/Air       #.......     100%        2    ###....
 Static Discharge         Conj/Air       #.......     100%        3    ####...
 Airstrike                Air            #.........   100%        4    #####..
 Lightning Bolt           Conj/Air       #.........   100%        5    ######.


Dungeon Overview and Level Annotations

Branches:
Dungeon (10/15)            Temple (1/1) D:5            Lair (1/6) D:9
    Orc (1/2) D:9         Ossuary (visited)

Altars:
Ashenzari
Cheibriados
Dithmenos
Elyvilon
Fedhas
Gozag
Hepliaklqana
Kikubaaqudgha
Makhleb
Nemelex Xobeh
Okawaru
Qazlal
Ru
Sif Muna
Trog
Uskayaw
Vehumet
Wu Jian
Xom
Yredelemnul
Zin
The Shining One

Shops:
D:4 *

Annotations:
D:9 2 transporters
Lair:1 Sonja


Message History

The guardian serpent coils itself and waves its upper body at you.
The bolt of poison hits the small abomination.
The small abomination completely resists.
The bolt of poison hits you.
You are lethally poisoned!
You resist.
* * * LOW HITPOINT WARNING * * *
The bolt of poison hits the naga!
It was a potion of invisibility.
You fade into invisibility!
* * * LOW HITPOINT WARNING * * *
You feel sick.
You block the small abomination's attack. x2
The naga hits you but does no damage. The naga constricts you.
The naga hits you but does no damage. The naga spits poison at you.
The splash of poison hits you but does no damage.
You are more poisoned.
You resist. The naga hits you with a +0 mace.
You die...

# ...#. .. #.
....... . #
...... . ...
.# . ......
... ... ..(.
..... # ..
#.## ...... #.
..##..#..... .
#. ##NNS.....#
# ##.N@x..D..#
.
#...Nx......ยง
#.....#......
##..(###......
##.N.#......#
##.... ....
#(.. ....
...... . #
....#....#


You could see a bone dragon, a naga warrior, a guardian serpent, 4 nagas and 2
small abominations.

Vanquished Creatures
  2 two-headed ogres
  Pikel (D:4)
  A wizard (D:10)
  A cyclops (shapeshifter) (Abyss:2)
  A large abomination (Abyss:2)
  Joseph (D:7)
  5 centaur zombies (D:8)
  2 centaur skeletons (D:8)
  Maggie (D:9)
  A komodo dragon (Lair:1)
  2 hellwings (D:8)
  An ancient zyme (Abyss:2)
  A troll (D:9)
  A raiju (Abyss:2)
  Sigmund (D:4)
  A ynoxinul (Abyss:2)
  5 yaks (D:10)
  A basilisk (Lair:1)
  A fire elemental (Abyss:2)
  A small abomination (Abyss:2)
  Duvessa (D:5)
  2 orc warriors
  4 ice beasts
  A phantom (D:10)
  A necrophage (D:9)
  3 sky beasts
  An ogre (D:8)
  6 centaurs
  A crocodile (D:10)
  A big kobold (D:10)
  An elf zombie (Ossuary)
  8 bullfrogs
  Dowan (D:5)
  A wyvern skeleton (D:8)
  2 scorpions
  A water moccasin skeleton (D:8)
  6 killer bees (D:7)
  2 howler monkeys
  4 crimson imps
  A bullfrog zombie (D:9)
  A human zombie (Ossuary)
  4 hounds
  3 jellies (D:9)
  Crazy Yiuf (D:7)
  5 orc priests
  2 bullfrog skeletons
  7 orc wizards
  An iguana (D:5)
  Natasha (thrice) (D:4)
  10 worker ants
  5 big kobold zombies (Ossuary)
  3 hound zombies
  3 mummies (Ossuary)
  2 worker ant zombies
  Robin (D:3)
  11 gnolls
  5 adders
  8 shadow imps
  5 white imps (Abyss:2)
  6 oozes
  3 adder skeletons
  4 adder zombies (Ossuary)
  2 dart slugs (D:1)
  6 leopard geckos
  35 orcs
  3 giant cockroaches (D:3)
  2 gnoll zombies (Ossuary)
  14 goblins
  8 hobgoblins
  6 jackals
  8 quokkas
  11 bats
  4 frilled lizards
  A goblin zombie (Ossuary)
  2 hobgoblin zombies (Ossuary)
  2 jackal skeletons (D:6)
  3 jackal zombies (Ossuary)
  14 kobolds
  4 kobold zombies (Ossuary)
  3 quokka zombies (Ossuary)
  3 rats
  5 rat zombies (Ossuary)
308 creatures vanquished.

Vanquished Creatures (others)
  A lurking horror (Abyss:2)
  4 toadstools (D:1)
5 creatures vanquished.

Grand Total: 313 creatures vanquished

Notes
Turn   | Place    | Note
-------+----------+-------------------------------------------
     0 | D:1      | Error4North the Hill Orc Fighter began the quest for the
                  | Orb.
     0 | D:1      | Reached XP level 1. HP: 19/19 MP: 1/1
   173 | D:1      | Reached XP level 2. HP: 27/27 MP: 2/2
   462 | D:1      | Reached skill level 3 in Axes
   654 | D:1      | Reached XP level 3. HP: 29/33 MP: 3/3
  1101 | D:2      | Reached skill level 1 in Throwing
  1112 | D:2      | HP: 1/33 [poisoned by an adder]
  1331 | D:2      | Reached XP level 4. HP: 21/40 MP: 4/4
  1584 | D:2      | Found a shimmering altar of Xom.
  2363 | D:3      | You fall into a shaft and drop 3 floors!
  2381 | D:6      | Noticed a bullfrog
  2396 | D:6      | Killed a bullfrog
  2396 | D:6      | Reached XP level 5. HP: 31/47 MP: 5/5
  2401 | D:6      | Reached skill level 4 in Axes
  2451 | D:6      | Found a sand-covered staircase.
  2456 | Ossuary  | Entered an ossuary
  2623 | Ossuary  | Reached XP level 6. HP: 54/55 MP: 6/6
  2640 | Ossuary  | Reached skill level 5 in Fighting
  2749 | Ossuary  | Reached skill level 5 in Axes
  2749 | Ossuary  | Reached skill level 5 in Shields
  2933 | Ossuary  | Reached XP level 7. HP: 61/61 MP: 7/7
  3011 | D:5      | Entered Level 5 of the Dungeon
  3019 | D:4      | Noticed Natasha
  3027 | D:4      | Killed Natasha
  3059 | D:4      | Found a radiant altar of Vehumet.
  3063 | D:4      | Noticed Natasha
  3076 | D:4      | Killed Natasha
  3101 | D:4      | Found an iron altar of Okawaru.
  3117 | D:4      | Reached skill level 6 in Axes
  3124 | D:4      | Noticed Natasha
  3129 | D:4      | Killed Natasha
  3153 | D:4      | Became a worshipper of Warmaster Okawaru
  3295 | D:3      | Found a shadowy altar of Dithmenos.
  3609 | D:3      | Noticed Robin
  3622 | D:3      | Killed Robin
  4412 | D:4      | Noticed Pikel
  4433 | D:4      | Killed Pikel
  4433 | D:4      | Reached * piety under Okawaru
  4433 | D:4      | Reached skill level 7 in Axes
  4433 | D:4      | Reached skill level 5 in Armour
  4433 | D:4      | Reached skill level 1 in Dodging
  4433 | D:4      | Reached skill level 1 in Evocations
  4433 | D:4      | Reached XP level 8. HP: 69/70 MP: 7/9
  4607 | D:4      | Found Gozag's Platinum Reserve.
  4608 | D:4      | Found an opulent altar of Gozag.
  4609 | D:4      | Noticed Sigmund
  4638 | D:4      | Killed Sigmund
  5086 | D:5      | Noticed Duvessa
  5090 | D:5      | Noticed Dowan
  5098 | D:5      | Killed Duvessa
  5098 | D:5      | Reached XP level 9. HP: 67/78 MP: 11/11
  5114 | D:5      | Killed Dowan
  5114 | D:5      | Reached skill level 8 in Axes
  5229 | D:5      | Found a shattered altar of Ashenzari.
  5324 | D:5      | Found a staircase to the Ecumenical Temple.
  5353 | D:5      | Reached ** piety under Okawaru
  5361 | Temple   | Entered the Ecumenical Temple
  7094 | D:7      | Reached skill level 9 in Axes
  7188 | D:7      | Reached *** piety under Okawaru
  7371 | D:7      | Noticed Joseph
  7393 | D:7      | Killed Joseph
  7436 | D:7      | Reached XP level 10. HP: 82/86 MP: 13/13
  7891 | D:7      | Found a runed translucent door.
  7892 | D:7      | Noticed Crazy Yiuf
  7897 | D:7      | Killed Crazy Yiuf
  8092 | D:8      | Reached skill level 5 in Invocations
  8174 | D:8      | Reached **** piety under Okawaru
  8226 | D:8      | Reached skill level 10 in Axes
  8296 | D:8      | Reached ***** piety under Okawaru
  8496 | D:8      | Reached skill level 5 in Evocations
  8496 | D:8      | Reached XP level 11. HP: 77/94 MP: 15/15
  8992 | D:9      | Noticed Maggie
  9013 | D:9      | Killed Maggie
  9061 | D:9      | Noticed a deep elf knight
  9061 | D:9      | Noticed an orc high priest
  9072 | D:9      | Found a transporter.
  9075 | D:9      | Noticed an orc sorcerer
  9250 | D:9      | Noticed a two-headed ogre
  9263 | D:9      | Killed a two-headed ogre
  9263 | D:9      | Received a gift from Okawaru
  9263 | D:9      | Reached skill level 1 in Slings
  9376 | D:9      | Found a transporter.
  9460 | D:9      | Found a staircase to the Lair.
  9512 | D:9      | Found a staircase to the Orcish Mines.
  9849 | D:10     | Entered Level 10 of the Dungeon
  9853 | D:10     | Reached skill level 10 in Shields
 10027 | D:10     | Noticed a two-headed ogre
 10043 | D:10     | Killed a two-headed ogre
 10043 | D:10     | Reached skill level 11 in Axes
 10489 | D:10     | Noticed a wizard
 10506 | D:10     | Killed a wizard
 10813 | Orc:1    | Entered Level 1 of the Orcish Mines
 11013 | Lair:1   | Entered Level 1 of the Lair of Beasts
 11076 | Lair:1   | Noticed Sonja
 11159 | Lair:1   | Cast into level 2 of the Abyss (Sonja)
 11271 | Abyss:2  | Noticed a tentacled starspawn
 11299 | Abyss:2  | Noticed a large abomination
 11318 | Abyss:2  | Killed a large abomination
 11335 | Abyss:2  | Reached XP level 12. HP: 29/105 MP: 13/17
 11361 | Abyss:2  | Noticed a bone dragon
 11361 | Abyss:2  | Noticed a naga warrior
 11364 | Abyss:2  | HP: 5/105 [poisoned by a guardian serpent (bolt of poison)]
 11364 | Abyss:2  | Slain by a naga

Illustrated notes

Levels and vault maps discovered:
D:1:      ldierk_walled_garden_2, layout_loops_ring
D:2:      layout_basic, xom_butterflies
D:3:      layout_basic, grunt_dithmenos_smoke, uniq_robin
D:4:      layout_loops_ring, nicolae_gozag_zags_fifth_avenue,
          okawaru_gym_becter, overflow_temple_1_default, first_ration,
          uniq_natasha, uniq_sigmund, uniq_pikel
D:5:      layout_loops_cross, old_standard_altar, minmay_temple_entry_trees,
          uniq_duvessa
D:6:      layout_rooms, nicolae_ossuary_entry_plus
D:7:      layout_gridville, uniq_joseph, uniq_crazy_yiuf_cottage
D:8:      cheibrodos_grave_circle, layout_basic
D:9:      gammafunk_wand_slinger, layout_cave_pools, lair_entry_dummy,
          orc_0_dummy, hangedman_little_slice_of_home, uniq_maggie
D:10:     layout_rooms
Temple:   nicolae_temple_elliptical
Lair:1:   layout_long_grid, uniq_sonja, uniq_erica
Orc:1:    layout_caves, mines2_david
Abyss:2:  base: D:1, minivault_19, guppyfry_abyss_exit_imp_island, minivault_19,
          minivault_25_ag, abyss_greek_temple

Skill      XL: |  1  2  3  4  5  6  7  8  9 10 11 |
---------------+----------------------------------+-----
Axes           | 3 4 5 7 9 10 11 | 11.5
Shields        | 4 5 6 7 9 10 | 10.8
Throwing       | 1 |  1.2
Fighting       | 4 5 6 7 8 9 |  9.4
Armour         | 4 5 6 7 8 9 |  9.1
Dodging        | 1 2 |  2.0
Invocations    | 2 3 4 6 7 |  7.3
Evocations     | 1 2 3 5 6 |  6.1
Slings         | 1 |  1.5
Stealth        | |  0.3

Action                   |  1- 3 |  4- 6 |  7- 9 | 10-12 || total
-------------------------+-------+-------+-------+-------++-------
Melee: War axe           |   111 |   232 |   491 |   526 ||  1360
 Fire: Hunting sling     |       |       |    10 |    49 ||    59
Throw: Javelin           |    19 |       |     1 |     8 ||    28
Invok: Heroism           |       |       |     1 |    19 ||    20
       Finesse           |       |       |       |     3 ||     3
  Use: Potion            |     1 |     1 |     2 |     8 ||    12
       Scroll            |       |       |     5 |     4 ||     9
  Eat: Chunk             |     2 |     4 |     6 |     4 ||    16
       Ration            |       |       |     3 |     3 ||     6
Armor: Scale mail        |    66 |    25 |       |       ||    91
       Chain mail        |       |   110 |   201 |   116 ||   427
       Plate armour      |       |       |       |    52 ||    52
Dodge: Dodged            |    54 |    50 |    97 |    65 ||   266
Block: Kite shield       |    80 |   106 |   155 |       ||   341
       Tower shield      |       |       |   124 |   599 ||   723
       Reflection        |       |       |       |    26 ||    26

Table legend:
 A = Non-vault XP
 B = Vault XP
 C = Vault XP percentage of total XP
 D = Non-vault monster count
 E = Vault monster count
 F = Vault count percentage of total count
                 A         B        C        D         E       F
            +---------+---------+-------+---------+---------+-------
      Total |   12302 |    6761 |  35.5 |     229 |      79 |  25.6
            +---------+---------+-------+---------+---------+-------
        D:1 |      44 |       0 |   0.0 |      25 |       0 |   0.0
        D:2 |      72 |       0 |   0.0 |      19 |       0 |   0.0
        D:3 |      53 |      28 |  34.6 |      27 |       7 |  20.6
        D:4 |     259 |     968 |  78.9 |      17 |       3 |  15.0
        D:5 |    1183 |     229 |  16.2 |      33 |       2 |   5.7
        D:6 |     523 |       0 |   0.0 |      16 |       0 |   0.0
        D:7 |     911 |     502 |  35.5 |      23 |       2 |   8.0
        D:8 |     707 |    3906 |  84.7 |      11 |      13 |  54.2
        D:9 |    2195 |     566 |  20.5 |      16 |       9 |  36.0
       D:10 |    3400 |       0 |   0.0 |      26 |       0 |   0.0
     Lair:1 |     665 |       0 |   0.0 |       3 |       0 |   0.0
      Orc:1 |      93 |       0 |   0.0 |       6 |       0 |   0.0
    Abyss:2 |    2197 |     146 |   6.2 |       7 |       7 |  50.0
    Ossuary |       0 |     416 | 100.0 |       0 |      36 | 100.0
            +---------+---------+-------+---------+---------+-------
